 Dungeon Crawl Stone Soup version 0.29.1-1-gd02db6906a (webtiles) character file.

Game seed: 8223871329410409420

26356 hawla the Scorcher (level 13, -47/91 HPs)
             Began as a Meteoran Fire Elementalist on Oct 12, 2022.
             Annihilated by an enormous slime creature (79 damage)
             ... on level 13 of the Dungeon.
             The game lasted 00:44:57 (8129 turns).

hawla the Scorcher (Meteoran Fire Elementalist)     Turns: 8129, Time: 00:44:57

Health: -47/91     AC:  7    Str: 10    XL:     13   Next: 95%
Magic:  0/30       EV: 17    Int: 22    God:
Gold:   593        SH:  6    Dex: 15    Spells: 18/36 levels left

rFire   . . .      SeeInvis .   r - staff of earth
rCold   . . .      Faith    .   l - +1 buckler
rNeg    . . .      Spirit   .   a - +1 robe
rPois   +          Reflect  .   (no helmet)
rElec   .          Harm     .   o - +1 cloak {Stlth+}
rCorr   .          Rampage  .   (no gloves)
Will    +....                   n - +1 pair of boots
Stlth   +.........              (no amulet)
HPRegen 0.25/turn               d - ring of Aleroink {Wiz rPois}
MPRegen 0.22/turn               t - +4 ring of evasion

@: glowing
A: sense surroundings 2, otherworldly, glowing, explore regen
a: no special abilities


You were on level 13 of the Dungeon.
You visited 2 branches of the dungeon, and saw 14 of its levels.
You also visited: Ossuary and Bailey.

You collected 875 gold pieces.
You spent 282 gold pieces at shops.

Inventory:

Armour
 a - a +1 robe (worn)
 l - a +1 buckler (worn)
 m - the +8 orange crystal plate armour {Archmagi, Int+3 Clar}
   (You found it on level 13 of the Dungeon)

   Int:       It affects your intelligence (+3).
   Clar:      It protects you against confusion.
 n - a +1 pair of boots (worn)
 o - a +1 cloak of stealth (worn)
Magical Staves
 r - a staff of earth (weapon)
 s - a staff of conjuration
Jewellery
 d - the ring of Aleroink (left hand) {Wiz rPois}
   (You acquired it on level 6 of the Dungeon)

   [ring of wizardry]

   It improves your spell success rate.
   rPois:     It protects you from poison.
 j - a ring of positive energy
 k - a +6 ring of strength
 t - a +4 ring of evasion (right hand)
 I - a ring of see invisible
Wands
 f - a wand of roots (1)
 x - a wand of flame (6)
 D - a wand of acid (3)
 F - a wand of mindburst (2)
Scrolls
 c - 3 scrolls of amnesia
 q - 2 scrolls of teleportation
 u - a scroll of enchant weapon
 v - 2 scrolls of fog
Potions
 b - 3 potions of brilliance {unknown}
 e - 2 potions of curing
 g - 5 potions of haste {unknown}
 h - 4 potions of heal wounds
 i - 3 potions of flight {unknown}
 p - 4 potions of resistance {unknown}
 z - a potion of ambrosia
 B - 4 potions of mutation {unknown}


   Skills:
 - Level 1.9 Fighting
 - Level 6.5 Staves
 + Level 1.5 Armour
 - Level 4.4 Dodging
 - Level 1.4 Stealth
 - Level 3.1 Shields
 - Level 12.4 Spellcasting
 - Level 13.5 Conjurations
 - Level 3.6 Translocations
 - Level 16.2 Fire Magic
 - Level 2.0 Earth Magic
 - Level 2.2 Evocations


You had 18 spell levels left.
You knew the following spells:

 Your Spells              Type           Power      Damage    Failure   Level
a - Foxfire               Conj/Fire      100%       2x1d9     0%          1
b - Scorch                Fire           100%       2d10      0%          2
c - Flame Wave            Conj/Fire      68%        2d15      1%          4
d - Iskenderun's Mystic   Conj/Tloc      51%        2d11      1%          4
e - Apportation           Tloc           58%        N/A       1%          1
f - Starburst             Conj/Fire      34%        6d10      1%          6

Your spell library contained the following spells:

 Spells                   Type           Power      Damage    Failure   Level
 Conjure Flame            Conj/Fire      68%        6-21      1%          3
 Dazzling Flash           Conj/Hex       86%        N/A       1%          3
 Inner Flame              Hex/Fire       49%        N/A       1%          3
 Necrotise                Necr           52%        1d6       2%          1
 Summon Small Mammal      Summ           52%        N/A       2%          1
 Vampiric Draining        Necr           13%        2d6       8%          3
 Agony                    Necr           13%        N/A       52%         5
 Silence                  Hex/Air        6%         N/A       52%         5


Dungeon Overview and Level Annotations

Branches:
Dungeon (13/15) Zot: 445   Temple (1/1) D:5 Zot: 442    Lair (0/5) D:9
    Orc (0/2) D:11        Ossuary (visited)          Bailey (visited)
 Vaults: D:13-14

Altars:
Ashenzari
Cheibriados
Dithmenos
Elyvilon
Fedhas
Gozag
Hepliaklqana
Kikubaaqudgha
Makhleb
Nemelex Xobeh
Okawaru
Qazlal
Ru
Sif Muna
Trog
Uskayaw
Vehumet
Wu Jian
Xom
Yredelemnul
Zin
The Shining One

Shops:
D:5 [*:

Portals:
Trove: D:10 (lose all piety)


Innate Abilities, Weirdness & Mutations

You passively map the area around you.
You are easily found by Zot.
You glow in the dark.
You regain HP and MP as you explore.


Message History

The enormous slime creature is almost dead.
The enormous slime creature barely misses you.
You hit the enormous slime creature.
The enormous slime creature is almost dead.
An enormous slime creature splits.
You hit the large slime creature.
You kill the large slime creature!
Two slime creatures merge to form an enormous slime creature.
Your Armour skill increases to level 1!
The enormous slime creature attacks as you move away!
You block the enormous slime creature's attack.
The enormous slime creature attacks as you move away!
The enormous slime creature misses you.
The enormous slime creature attacks as you move away!
The enormous slime creature hits you but does no damage.
The enormous slime creature attacks as you move away!
The enormous slime creature closely misses you.
Casting: Foxfire (safe; 0% risk of failure)
Confirm with . or Enter, or press ? or * to list all spells.
You don't have enough magic to cast this spell.
An enormous slime creature splits.
Two slime creatures merge to form an enormous slime creature.
Casting: Foxfire (safe; 0% risk of failure)
Confirm with . or Enter, or press ? or * to list all spells.
Casting: Starburst (dangerous; 1% risk of failure)
Press: ? - help, Dir - look around, f - activate The bolt of fire hits the enormous slime creature!
The enormous slime creature is almost dead.
The enormous slime creature hits you!!!
Ouch! That really hurt!
The enormous slime creature attacks as you move away!
The enormous slime creature closely misses you.
Casting: Starburst (dangerous; 1% risk of failure)
Confirm with . or Enter, or press ? or * to list all spells.
Casting: Starburst (dangerous; 1% risk of failure)
Press: ? - help, Dir - look around, f - activate The bolt of fire misses the enormous slime creature.
The enormous slime creature hits you!!!!
Ouch! That really hurt!
You die...

* , *
#..........#
#.########.# *
,,, * #.# , #.#
, #.# ** #.# ,
#.# * * #.# , *
, #.#, * #.# ,
* #.#, * #.# *
...########.#
,#.# *
.......@J...#,,
,#.# *
,.############
* #.# , ,, #.#
, #..# * ** #.#
,* * #..# * #.#
..># #.# *
*#..# * , #.#
#.B# , *
#######.# #..#
..(.....#


You could see an enormous slime creature.

Vanquished Creatures
  Kirke (D:12)
  An orc warlord (Bailey)
  3 hydras
  A boulder beetle (D:11)
  2 two-headed ogres
  The ghost of safid the Marksminotaur, a novice MiHu (D:7)
  A deep elf pyromancer (D:12)
  A slime creature (D:13)
  A cyclops (D:11)
  3 unseen horrors
  A kobold demonologist (D:12)
  A komodo dragon (D:9)
  A tengu conjurer (D:11)
  2 hornets
  Prince Ribbit (D:6)
  A wyvern (D:9)
  8 yaks
  2 wraiths
  6 hogs (D:12)
  2 vampires
  A basilisk (D:12)
  4 vampire mosquitoes (D:11)
  An acid dragon (D:11)
  3 water moccasins
  7 orc warriors
  2 sky beasts (D:6)
  4 black bears
  An ice beast (D:6)
  An ogre (D:4)
  2 centaurs
  A phantom (D:5)
  3 kobold brigands
  Blork the orc (D:6)
  2 bullfrogs
  3 gnoll sergeants
  7 scorpions
  2 necrophages (D:7)
  5 wights (D:7)
  6 killer bees
  5 howler monkeys
  2 lava snakes (D:9)
  A jelly (D:8)
  6 orc priests
  6 hounds
  3 iguanas (D:7)
  10 orc wizards
  8 mummies (Ossuary)
  14 gnolls
  10 adders
  2 shadow imps
  3 ufetubi (D:6)
  A dart slug (D:1)
  A worm (D:3)
  53 orcs
  8 ball pythons
  7 endoplasms
  2 giant cockroaches
  A gnoll zombie (Ossuary)
  6 goblins
  7 hobgoblins
  6 jackals
  29 kobolds
  3 quokkas
  4 bats
  2 frilled lizards
  A hobgoblin zombie (Ossuary)
  2 kobold zombies (Ossuary)
  4 orc zombies (Ossuary)
  4 rats
307 creatures vanquished.

Vanquished Creatures (collateral kills)
  A boulder beetle (D:12)
  A two-headed ogre (D:12)
  A cyclops (D:12)
  A shadow (D:12)
  2 orcs (D:4)
6 creatures vanquished.

Vanquished Creatures (others)
  379 foxfires
  29 plants (D:9)
408 creatures vanquished.

Grand Total: 721 creatures vanquished

Notes
Turn   | Place    | Note
-------+----------+-------------------------------------------
     0 | D:1      | hawla the Meteoran Fire Elementalist began the quest for
                  | the Orb.
     0 | D:1      | Reached XP level 1. HP: 14/14 MP: 5/5
   150 | D:1      | Reached XP level 2. HP: 5/20 MP: 0/7
   412 | D:1      | Reached skill level 4 in Fire Magic
   412 | D:1      | Reached XP level 3. HP: 24/27 MP: 3/8
   423 | D:1      | Found a faded altar of an unknown god.
   500 | D:1      | Glimpsed the power of Zot.
   586 | D:2      | Learned a level 2 spell: Scorch
   695 | D:2      | Reached XP level 4. HP: 34/34 MP: 3/10
   700 | D:2      | Learned a level 4 spell: Flame Wave
  1100 | D:2      | Glimpsed the power of Zot.
  1385 | D:3      | Reached skill level 5 in Fire Magic
  1385 | D:3      | Reached XP level 5. HP: 37/39 MP: 1/11
  1466 | D:3      | Found a hazy altar of Hepliaklqana.
  1813 | D:4      | Noticed an ogre
  1817 | D:4      | Killed an ogre
  1818 | D:4      | Reached skill level 6 in Fire Magic
  1818 | D:4      | Reached XP level 6. HP: 46/46 MP: 7/12
  1995 | D:5      | Entered Level 5 of the Dungeon
  2019 | D:5      | Noticed a wraith
  2029 | D:5      | Killed a wraith
  2030 | D:5      | Reached skill level 7 in Fire Magic
  2030 | D:5      | Reached XP level 7. HP: 51/51 MP: 0/13
  2068 | D:5      | Found Ikom's Armour Shop.
  2075 | D:5      | Bought a +0 cloak of stealth for 138 gold pieces
  2118 | D:5      | Found Qiox's General Store.
  2119 | D:5      | Noticed a water moccasin
  2124 | D:5      | Killed a water moccasin
  2125 | D:5      | Reached skill level 8 in Fire Magic
  2161 | D:5      | Reached XP level 8. HP: 40/58 MP: 7/14
  2185 | D:5      | Reached skill level 9 in Fire Magic
  2287 | D:5      | Found Teomefot's Book Shop.
  2496 | D:5      | Found a staircase to the Ecumenical Temple.
  2502 | Temple   | Entered the Ecumenical Temple
  2976 | D:5      | Bought a book of Cantrips for 144 gold pieces
  2981 | D:5      | Learned a level 4 spell: Iskenderun's Mystic Blast
  3020 | D:6      | Identified a scroll of acquirement
  3020 | D:6      | Acquired the ring of Aleroink {Wiz rPois}
  3035 | D:6      | Reached skill level 5 in Conjurations
  3060 | D:6      | Found a sparkling altar of Nemelex Xobeh.
  3146 | D:6      | Gained mutation: You passively map the area around you.
                  | [Meteoran growth]
  3146 | D:6      | Reached XP level 9. HP: 44/63 MP: 7/16
  3150 | D:6      | Found a large runed translucent door.
  3150 | D:6      | Found a large runed translucent door.
  3165 | D:6      | Noticed Prince Ribbit
  3172 | D:6      | Killed Prince Ribbit
  3177 | D:6      | Noticed Blork the orc
  3178 | D:6      | Found a sand-covered staircase.
  3191 | D:6      | Killed Blork the orc
  3214 | Ossuary  | Entered an ossuary
  3479 | D:6      | Reached skill level 10 in Conjurations
  3539 | D:6      | Reached XP level 10. HP: 27/70 MP: 1/17
  3766 | D:6      | Found a sacrificial altar of Ru.
  3780 | D:6      | Found a shimmering blue altar of Sif Muna.
  3808 | D:6      | Glimpsed the power of Zot.
  3917 | D:7      | Reached skill level 1 in Fighting
  3920 | D:7      | Found a runed translucent door.
  3925 | D:7      | Noticed safid's ghost (novice MiHu)
  3948 | D:7      | Reached skill level 5 in Spellcasting
  4012 | D:7      | Found a glowing silver altar of Zin.
  4085 | D:7      | Found a burning altar of Makhleb.
  4108 | D:7      | Reached skill level 10 in Fire Magic
  4322 | D:7      | Learned a level 1 spell: Apportation
  4329 | D:7      | Learned a level 6 spell: Starburst
  4407 | D:7      | Glimpsed the power of Zot.
  4430 | D:7      | Killed safid's ghost
  4431 | D:7      | Reached skill level 1 in Translocations
  4503 | D:8      | Reached skill level 11 in Fire Magic
  4503 | D:8      | Reached XP level 11. HP: 69/77 MP: 9/23
  4608 | D:8      | Reached skill level 1 in Shields
  5007 | D:8      | Glimpsed the power of Zot.
  5098 | D:9      | Reached skill level 1 in Earth Magic
  5098 | D:9      | Reached skill level 1 in Evocations
  5239 | D:9      | Found a staircase to the Lair.
  5341 | D:9      | Noticed a two-headed ogre
  5345 | D:9      | Killed a two-headed ogre
  5508 | D:9      | Reached skill level 12 in Fire Magic
  5607 | D:9      | Glimpsed the power of Zot.
  5657 | D:9      | Glimpsed the power of Zot.
  5681 | D:10     | Entered Level 10 of the Dungeon
  5695 | D:10     | Noticed a four-headed hydra
  5703 | D:10     | Killed a four-headed hydra
  5778 | D:10     | Noticed a two-headed ogre
  5784 | D:10     | Killed a two-headed ogre
  5796 | D:10     | Noticed a fire dragon
  5797 | D:10     | Noticed a centaur warrior
  5797 | D:10     | Noticed a skeletal warrior
  5798 | D:10     | Noticed a centaur warrior
  5799 | D:10     | Noticed an orc knight
  5799 | D:10     | Noticed a centaur warrior
  5799 | D:10     | Noticed a wizard
  5800 | D:10     | Noticed a brown ugly thing
  5800 | D:10     | Noticed an eight-headed hydra
  5815 | D:10     | Noticed a deep elf pyromancer
  5906 | D:10     | Found a flagged portal.
  5913 | Bailey   | Entered a bailey
  5921 | Bailey   | Noticed an orc warlord
  5996 | Bailey   | Found a runed translucent gate.
  5996 | Bailey   | Found a runed translucent gate.
  6020 | Bailey   | Found a runed translucent gate.
  6211 | Bailey   | Killed an orc warlord
  6212 | Bailey   | Reached skill level 10 in Spellcasting
  6212 | Bailey   | Reached XP level 12. HP: 19/84 MP: 5/27
  6377 | Bailey   | Reached skill level 15 in Fire Magic
  6377 | Bailey   | Reached XP level 13. HP: 63/90 MP: 28/28
  6659 | D:10     | Found a portal to a secret trove of treasure.
  6673 | D:10     | Glimpsed the power of Zot.
  6686 | D:11     | Identified the +1 leather armour of Pantheism {Harm rPois}
  6722 | D:11     | Noticed a centaur warrior
  6727 | D:11     | Noticed a tengu warrior
  6843 | D:11     | Noticed a boulder beetle
  6865 | D:11     | Noticed a two-headed ogre
  6969 | D:11     | Found a staircase to the Orcish Mines.
  7155 | D:11     | Killed a boulder beetle
  7274 | D:11     | Glimpsed the power of Zot.
  7298 | D:12     | Noticed Kirke
  7422 | D:12     | Killed Kirke
  7475 | D:12     | Noticed a two-headed ogre
  7482 | D:12     | Killed a two-headed ogre
  7582 | D:12     | Noticed an eight-headed hydra
  7591 | D:12     | Killed an eight-headed hydra
  7592 | D:12     | Reached skill level 16 in Fire Magic
  7624 | D:12     | Noticed a boulder beetle
  7644 | D:12     | Killed a boulder beetle
  7829 | D:12     | Noticed a four-headed hydra
  7840 | D:12     | Killed a four-headed hydra
  7874 | D:12     | Glimpsed the power of Zot.
  7958 | D:13     | Noticed a boulder beetle
  7968 | D:13     | Noticed an eight-headed hydra
  7975 | D:13     | Noticed a boulder beetle
  8021 | D:13     | Found the +8 orange crystal plate armour {Archmagi, Int+3
                  | Clar}
  8091 | D:13     | Reached skill level 1 in Armour
  8129 | D:13     | Annihilated by an enormous slime creature

Illustrated notes

Levels and vault maps discovered:
D:1:      amcnicky_arrival_underground_garden, layout_loops_corners,
          dreamdust_ecumenical_altar_angels_and_demons,
          ebering_dispersal_statue_hall
D:2:      layout_loops_cross
D:3:      layout_rooms, nzn_hepliaklqana_mist_gate
D:4:      layout_basic
D:5:      layout_loops_ring, minmay_temple_entry_enclosed_plants, serial_shops,
          nicolae_diamond_shop, shop, nicolae_shop_waterfront
D:6:      minmay_bubble_buster, layout_rooms, nemelex_spade_bored_becter,
          jmf_multi_god_temple2, enter_ossuary_1, uniq_blork_the_orc,
          uniq_prince_ribbit1
D:7:      layout_gridville, zin_academy, kennysheep_mini,
          hellmonk_ghost_happy_afterlife, dreamdust_wishing_well
D:8:      minmay_polygon_palace, layout_loops_ring, serial_park_tiny_1,
          uniq_grum
D:9:      layout_loops_ring, david_lair_shrubbed, kennysheep_path_1
D:10:     layout_basic, nicolae_trove_entry_isolated, enter_bailey_3,
          minivault_12
D:11:     layout_loops_ring, hiddenorc2_lemuel, hangedman_decor_opposing,
          kennysheep_generic_room_6
D:12:     layout_roguey, uniq_kirke
D:13:     layout_basic, uniq_snorg
Temple:   eino_temple_rhombus

Skill      XL: |  1  2  3  4  5  6  7  8  9 10 11 12 13 |
---------------+----------------------------------------+-----
Spellcasting   | 3 4 7 10 12 | 12.4
Fire Magic     | 4 5 6 7 8 9 11 12 15 16 | 16.2
Conjurations   | 2 3 4 7 11 12 13 | 13.5
Fighting       | 1 |  1.9
Dodging        | 3 4 |  4.4
Translocations | 1 3 |  3.6
Shields        | 2 3 |  3.1
Earth Magic    | 2 |  2.0
Evocations     | 2 |  2.2
Staves         | 6 |  6.5
Armour         | 1 |  1.5
Stealth        | |  1.4

Action                   |  1- 3 |  4- 6 |  7- 9 | 10-12 | 13-15 || total
-------------------------+-------+-------+-------+-------+-------++-------
Melee: Unarmed           |     6 |     2 |    10 |       |       ||    18
       Staff             |       |       |     2 |    10 |    49 ||    61
 Cast: Foxfire           |    37 |    49 |    22 |    79 |    32 ||   219
       Scorch            |     3 |    25 |    41 |   105 |    55 ||   229
       Flame Wave        |       |       |    11 |    16 |    10 ||    37
       Iskenderun's Myst |       |       |       |    17 |    46 ||    63
       Starburst         |       |       |       |       |    21 ||    21
Evoke: Wand              |       |       |       |       |     3 ||     3
  Use: Scroll            |     3 |     6 |     2 |    11 |    11 ||    33
       Potion            |       |       |     2 |     2 |     3 ||     7
Armor: Robe              |     6 |     5 |    21 |    11 |    31 ||    74
Dodge: Dodged            |    14 |    16 |    40 |    59 |    69 ||   198
Block: Buckler           |       |     1 |    12 |    34 |    27 ||    74
